 Dungeon Crawl Stone Soup version 0.24-a0-317-g5cb8de4b22 (webtiles) character file.

Game seed: 4983555759895735747

405 HAL9000 the Cutter (level 6, -5/30 HPs)
             Began as a Vine Stalker Assassin on May 16, 2019.
             Slain by a gnoll
             ... wielding a +0 spear
              (8 damage)
             ... on level 5 of the Dungeon.
             The game lasted 00:04:19 (3999 turns).

HAL9000 the Cutter (Vine Stalker Assassin)          Turns: 3999, Time: 00:04:20

Health: -5/30      AC:  7    Str: 14    XL:     6   Next: 87%
Magic:  0/7        EV: 11    Int: 11    God:
Gold:   190        SH:  0    Dex: 17    Spells: 5/5 levels left

rFire    . . .     SeeInvis .   a - +2 dagger
rCold    . . .     Gourm    .   (no shield)
rNeg     . . .     Faith    .   b - +0 robe
rPois    .         Spirit   +   v - +2 helmet
rElec    .         Reflect  .   c - +0 cloak
rCorr    .         Harm     .   (no gloves)
MR       .....                  (no boots)
Stlth    +++.......             (no amulet)
HPRegen  0.50/turn              m - +1 ring of protection
MPRegen  0.10/turn              (no ring)

@: no status effects
A: fangs 2, regeneration 1, magic shield, antimagic bite, no potion heal 3, rot
immunity
a: no special abilities


You were on level 5 of the Dungeon.
You were hungry.

You visited 1 branch of the dungeon, and saw 5 of its levels.

You collected 190 gold pieces.

Inventory:

Hand Weapons
 a - a +2 dagger (weapon)
Missiles
 d - 7 poisoned darts (quivered)
 e - a curare-tipped dart
 x - 3 atropa-tipped darts
Armour
 b - a +0 robe (worn)
 c - a +0 cloak (worn)
 v - a +2 helmet (worn)
Jewellery
 m - a +1 ring of protection (left hand)
 y - an uncursed ring of resist corrosion {unknown}
Scrolls
 j - 3 scrolls of identify {unknown}
 k - a scroll of immolation {unknown}
 l - 2 scrolls of fog {unknown}
 n - 2 scrolls of amnesia {unknown}
 p - a scroll of noise {unknown}
 q - 3 scrolls of remove curse {unknown}
 r - 2 scrolls of enchant armour {unknown}
 s - 4 scrolls of teleportation {unknown}
 t - a scroll of enchant weapon {unknown}
 w - a scroll of fear {unknown}
Potions
 g - a potion of ambrosia {unknown}
 h - a potion of lignification {unknown}
 i - 2 potions of haste {unknown}
 o - a potion of invisibility {unknown}
 u - a potion of agility {unknown}
 z - a potion of degeneration {unknown}
 A - a potion of curing {unknown}
Comestibles
 f - 6 rations


   Skills:
 - Level 1.7 Fighting
 + Level 6.5 Short Blades
 - Level 1.7 Throwing
 - Level 0.7 Dodging
 - Level 4.8 Stealth


You had 5 spell levels left.
You didn't know any spells.
Your spell library was empty.

Dungeon Overview and Level Annotations

Branches:
Dungeon (5/15)
 Temple: D:4-7

Altars:
Ashenzari
Cheibriados
Fedhas
Gozag
Ru
Wu Jian
Zin
The Shining One

Shops:
D:4 (

Annotations:
D:3 3 runed translucent doors, fairgil's ghost, amateur DrCj


Innate Abilities, Weirdness & Mutations

You have extremely sharp teeth.
Your natural rate of healing is unusually fast.
When hurt, damage is shared between your health and your magic reserves.
Your bite disrupts and absorbs the magic of your enemies.
Potions cannot restore your health.
You are immune to rotting.


Message History

You hit the jackal.
The jackal is almost dead.
The jackal bites you but does no damage.
You hit the jackal.
You kill the jackal!
The gnoll closely misses you.
You hit the jackal. You bite the jackal.
You kill the jackal!
The gnoll hits you from afar with a +0 spear. 2 gnolls come into view.
The gnoll hits you with a +0 spear.
You see here a jackal corpse.
The gnoll hits you from afar with a +0 spear.
The gnoll hits you with a +0 spear!
* * * LOW HITPOINT WARNING * * *
Unknown command.
The gnoll hits you but does no damage. The gnoll barely misses you.
You see here a jackal corpse.
The gnoll hits you from afar with a +0 spear!
You die...

#.##.! . .#.#...#. #
...≈.≈.≈# #
....≈≈≈.# # #
...≈g_..####.# #
##.≈≈≈.g....# #
#.....≈g.# #
#.####.#†# # #.#@#
## #.#.######## ##.
#.#........# #..
#a#.######.# #.#
#.#.######.#######.#
#.#................#
#.######.#######.#
#.# #.# #.. #.# #.#
#..


You could see 2 gnolls.

Vanquished Creatures
  A sky beast (D:5)
  An orc priest (D:4)
  2 orc wizards
  A bullfrog skeleton (D:4)
  An iguana (D:4)
  A worker ant (D:4)
  3 gnolls
  4 adders
  2 worms (D:2)
  4 dart slugs
  3 leopard geckos
  2 orcs (D:4)
  8 giant cockroaches
  8 goblins
  6 hobgoblins
  10 jackals
  3 kobolds
  A quokka (D:2)
  A ball python (D:2)
  4 bats
  6 frilled lizards
  A quokka zombie (D:5)
  4 rats
77 creatures vanquished.

Notes
Turn   | Place    | Note
-------+----------+-------------------------------------------
     0 | D:1      | HAL9000 the Vine Stalker Assassin began the quest for the
                  | Orb.
     0 | D:1      | Reached XP level 1. HP: 11/11 MP: 2/2
    35 | D:1      | Reached skill level 2 in Short Blades
   411 | D:1      | Reached XP level 2. HP: 15/15 MP: 3/3
   729 | D:1      | Reached skill level 3 in Short Blades
   906 | D:2      | Reached XP level 3. HP: 13/18 MP: 2/4
  1688 | D:2      | Gained mutation: Your natural rate of healing is unusually
                  | fast. [Vine Stalker growth]
  1688 | D:2      | Reached XP level 4. HP: 12/23 MP: 3/5
  1740 | D:2      | Found a faded altar of an unknown god.
  1843 | D:2      | Found a sacrificial altar of Ru.
  1865 | D:2      | Reached skill level 4 in Short Blades
  2314 | D:3      | Reached XP level 5. HP: 25/26 MP: 6/6
  2832 | D:3      | Found a runed translucent gate.
  2832 | D:3      | Found a runed translucent gate.
  2832 | D:3      | Found a runed translucent gate.
  2837 | D:3      | Noticed fairgil's ghost (amateur DrCj)
  3174 | D:3      | Reached skill level 5 in Short Blades
  3308 | D:4      | Reached XP level 6. HP: 15/30 MP: 4/7
  3417 | D:4      | Found a snail-covered altar of Cheibriados.
  3418 | D:4      | Found a glowing silver altar of Zin.
  3704 | D:4      | Found a shattered altar of Ashenzari.
  3710 | D:4      | Reached skill level 6 in Short Blades
  3845 | D:4      | Found Bizxif's Weapon Boutique.
  3903 | D:5      | Entered Level 5 of the Dungeon
  3906 | D:5      | Found an opulent altar of Gozag.
  3906 | D:5      | Found a glowing golden altar of the Shining One.
  3906 | D:5      | Found an ornate altar of the Wu Jian Council.
  3924 | D:5      | Noticed a sky beast
  3926 | D:5      | Killed a sky beast
  3977 | D:5      | Found a blossoming altar of Fedhas.
  3999 | D:5      | Slain by a gnoll

Levels and vault maps discovered:
D:1:      nzn_arrival_depleted_hourglass, layout_loops_ring, minmay_tripent
D:2:      layout_basic, first_ration, chequers_ecumenical_altar_simple,
          grunt_ministairs_5, minivault_26, kennysheep_cluttered_room,
          hangedman_abyss_or_decor_lesser_grid, minivault_4,
          nicolae_ru_great_annihilating_truth
D:3:      layout_loops_ring, gammafunk_ghost_split
D:4:      layout_loops_ring, kennysheep_little_box, grunt_temple_overflow_open,
          serial_shops, kennysheep_mini
D:5:      layout_loops_ring, gammafunk_temple_overflow_claw,
          minmay_temple_entry_junction_2, serial_shops,
          nicolae_shop_overgrown_old_shop, fedhas_altar_2

Skill      XL: |  1  2  3  4  5  6 |
---------------+-------------------+-----
Short Blades   | 2 3 4 5 6 |  6.5
Fighting       | |  1.7
Throwing       | |  1.7
Dodging        | |  0.7
Stealth        | |  4.8

Action                   |  1- 3 |  4- 6 || total
-------------------------+-------+-------++-------
Melee: Dagger            |    82 |   160 ||   242
       Bite              |    17 |    56 ||    73
Throw: Dart              |    10 |       ||    10
 Stab: Sleeping          |    13 |     7 ||    20
       Invisible         |       |     1 ||     1
       Paralysed         |       |     1 ||     1
       Distracted        |       |     1 ||     1
  Eat: Chunk             |     2 |     7 ||     9
Armor: Robe              |    13 |    48 ||    61
Dodge: Dodged            |    18 |    91 ||   109

Table legend:
 A = Non-vault XP
 B = Vault XP
 C = Vault XP percentage of total XP
 D = Non-vault monster count
 E = Vault monster count
 F = Vault count percentage of total count
                 A         B        C        D         E       F
            +---------+---------+-------+---------+---------+-------
      Total |     517 |      62 |  10.7 |      70 |       7 |   9.1
            +---------+---------+-------+---------+---------+-------
        D:1 |      27 |       4 |  12.9 |      17 |       2 |  10.5
        D:2 |      62 |      58 |  48.3 |      16 |       5 |  23.8
        D:3 |      81 |       0 |   0.0 |      22 |       0 |   0.0
        D:4 |     205 |       0 |   0.0 |       9 |       0 |   0.0
        D:5 |     142 |       0 |   0.0 |       6 |       0 |   0.0
            +---------+---------+-------+---------+---------+-------
